 Dungeon Crawl Stone Soup version 0.15.1-1-gfacfea3 (webtiles) character file.

84805 Johnny the Cloud Mage (level 14, -7/115 HPs)
             Began as a Demigod Air Elementalist on Sept 24, 2014.
             Mangled by Snorg (8 damage)
             ... on Level 2 of the Orcish Mines.
             The game lasted 03:22:59 (44172 turns).

Johnny the Cloud Mage (Demigod Air Elementalist)   Turns: 44172, Time: 03:23:00

HP  -7/115       AC 27     Str 14      XL: 14   Next: 97%
MP  10/33        EV 16     Int 26      God:
Gold 1397        SH  0     Dex 17      Spells: 10 memorised,  1 level left

rFire  . . .     SeeInvis +     M - +4 dire flail (protect) (curse)
rCold  . . .     Clarity  .     E - +5 ring mail "Ojugalul" {MR+ SInv Curse}
rNeg   + . .     rCorr    .     (no shield)
rPois  +         rRot     .     T - +0 helmet
rElec  .         Spirit   .     e - +2 cloak {rPois}
SustAb .         Warding  +     f - +0 pair of gloves (curse)
rMut   .         Rnd*Tele +     p - +1 pair of boots
Gourm  .                        q - amulet of warding
MR     +++..                    B - ring of protection from magic
                                I - +3 ring of protection

@: extremely resistant to hostile enchantments, stealthy
A: slow healing 1, spit poison 1, teleportitis 1
a: Spit Poison


You were on level 2 of the Orcish Mines.
You were not hungry.

You visited 3 branches of the dungeon, and saw 24 of its levels.
You also visited: Ice Cave.

You collected 2413 gold pieces.
You spent 1016 gold pieces at shops.

Inventory:

Hand weapons
 M - a cursed +4 dire flail of protection (weapon)
Armour
 e - a +2 cloak of poison resistance (worn)
 f - a cursed +0 pair of gloves (worn)
 p - a +1 pair of boots (worn)
 w - a +1 cloak of magic resistance
 E - the +5 ring mail "Ojugalul" (worn) {MR+ SInv Curse}
   (You bought it in a shop on level 11 of the Dungeon)

   It affects your resistance to hostile enchantments.
   It enhances your eyesight.
   It may recurse itself when equipped.
 T - a +0 helmet (worn)
Magical devices
 o - a wand of digging (8)
 F - a wand of enslavement (5)
 K - a wand of teleportation (0)
 W - a wand of draining (0)
Comestibles
 j - a chunk of orc flesh
Scrolls
 c - a scroll of amnesia
 s - a scroll of vulnerability
 u - 5 scrolls of remove curse
 L - 7 scrolls of fog
 N - 3 scrolls of magic mapping
 S - 2 scrolls of enchant armour
Jewellery
 q - an amulet of warding (around neck)
 B - a ring of protection from magic (right hand)
 I - a +3 ring of protection (left hand)
Potions
 g - 2 potions of haste
 h - 2 potions of cancellation
 i - a potion of flight
 k - a potion of invisibility {unknown}
 l - a potion of degeneration {unknown}
 n - a potion of resistance
 t - 4 potions of restore abilities
 v - 2 potions of lignification {unknown}
 z - 2 potions of agility
 A - a potion of berserk rage
 C - 3 potions of curing
 G - a potion of mutation {unknown}
 H - 2 potions of confusion {unknown}
 R - 2 potions of might {unknown}
 V - 2 potions of brilliance {unknown}
 Z - 2 potions of poison {unknown}
Books
 a - a book of Minor Magic

   Spells                             Type                      Level
   Magic Dart                         Conjuration                  1
   *Blink                             Translocation                2
   Call Imp                           Summoning                    2
   Repel Missiles                     Charms/Air                   2
   Slow                               Hexes                        2
   Conjure Flame                      Conjuration/Fire             3
   Mephitic Cloud                     Conjuration/Poison/Air       3
 b - a book of Air

   Spells                             Type                      Level
   *Shock                             Conjuration/Air              1
   Swiftness                          Charms/Air                   2
   Repel Missiles                     Charms/Air                   2
   Flight                             Charms/Air                   3
   *Static Discharge                  Conjuration/Air              3
   *Lightning Bolt                    Conjuration/Air              5
 d - a book of the Sky

   Spells                             Type                      Level
   Flight                             Charms/Air                   3
   *Airstrike                         Air                          4
   Silence                            Hexes/Air                    5
   Deflect Missiles                   Charms/Air                   6
   Conjure Ball Lightning             Conjuration/Air              6
   Tornado                            Air                          9
 r - a book of Summonings

   Spells                             Type                      Level
   Abjuration                         Summoning                    3
   Recall                             Summoning/Translocation      3
   *Shadow Creatures                  Summoning                    5
   Summon Demon                       Summoning                    5
   Summon Forest                      Summoning/Translocation      5
   *Monstrous Menagerie               Summoning                    6
 Q - a book of the Warp

   Spells                             Type                      Level
   Control Teleport                   Charms/Translocation         4
   Phase Shift                        Translocation                5
   Warp Weapon                        Charms/Translocation         5
   Dispersal                          Translocation                6
   Controlled Blink                   Translocation                7
   Disjunction                        Translocation                8
 U - a book of Callings

   Spells                             Type                      Level
   Summon Small Mammal                Summoning                    1
   Call Imp                           Summoning                    2
   Call Canine Familiar               Summoning                    3
   Summon Guardian Golem              Hexes/Summoning              4
   Summon Lightning Spire             Summoning/Air                4
   Summon Ice Beast                   Ice/Summoning                4
 X - a book of Party Tricks

   Spells                             Type                      Level
   *Summon Butterflies                Summoning                    1
   *Apportation                       Translocation                1
   *Blink                             Translocation                2
   *Tukima's Dance                    Hexes                        3
   Alistair's Intoxication            Transmutation/Poison         4
 Y - the Compendium of Destructive Malediction
   (You found it on level 8 of the Lair of Beasts)

   Spells                             Type                      Level
   Ensorcelled Hibernation            Hexes/Ice                    2
   Sure Blade                         Hexes/Charms                 2
   Summon Guardian Golem              Hexes/Summoning              4
   Fireball                           Conjuration/Fire             5
   Orb of Destruction                 Conjuration                  7
Miscellaneous
 J - a lamp of fire


   Skills:
 * Level 8.1 Fighting
 + Level 6.5 Armour
 * Level 10.1 Dodging
 + Level 8.4 Stealth
 * Level 9.6 Spellcasting
 + Level 8.1 Conjurations
 + Level 5.3 Hexes
   Level 3.1 Charms
 * Level 7.3 Summonings
 + Level 5.1 Translocations
 * Level 10.2 Air Magic
 + Level 5.2 Evocations


You had one spell level left.
You knew the following spells:

 Your Spells              Type           Power        Failure   Level  Hunger
a - Shock                 Conj/Air       ####         1%          1    None
b - Static Discharge      Conj/Air       ######..     1%          3    None
c - Airstrike             Air            ######....   1%          4    #......
d - Monstrous Menagerie   Summ           ######....   45%         6    ######.
e - Summon Butterflies    Summ           ######..     1%          1    None
f - Shadow Creatures      Summ           N/A          10%         5    ###....
g - Blink                 Tloc           N/A          1%          2    None
h - Lightning Bolt        Conj/Air       ######....   3%          5    ###....
i - Tukima's Dance        Hex            #####...     1%          3    None
j - Apportation           Tloc           #####.....   1%          1    None


Dungeon Overview and Level Annotations

Branches:
Dungeon (12/15)            Temple (0/1) D:4             Orc (4/4) D:12
    Elf (0/3) Orc:3          Lair (8/8) D:11          Swamp (0/5) Lair:4
  Snake (0/5) Lair:3        Slime (0/6) Lair:8

Shops:
D:5 !   D:11 [?%   Orc:1 %   Orc:4 [*(:

Portals:
Hell: Lair:8

Annotations:
D:10 Harold, Nergalle
Orc:2 Snorg


Innate Abilities, Weirdness & Mutations

You heal slowly when monsters are visible.
You can spit poison.
Space occasionally distorts in your vicinity.


Message History

Snorg is struck by lightning.
Snorg is almost dead.
The lightning arcs!
You are struck by lightning.
The lightning arcs!
Snorg is struck by lightning.
Snorg is almost dead.
The lightning grounds out.
Snorg misses you. Snorg claws you! Snorg claws you!
Casting: Static Discharge
Confirm with . or Enter, or press ? or * to list all spells.
Snorg is struck by lightning.
Snorg is almost dead.
The lightning arcs!
You are struck by lightning.
* * * LOW HITPOINT WARNING * * *
The lightning grounds out.
Snorg bites you!
* * * LOW HITPOINT WARNING * * *
Snorg misses you. Snorg claws you!
* * * LOW HITPOINT WARNING * * *
Snorg bites you!
* * * LOW HITPOINT WARNING * * *
Snorg closely misses you. Snorg claws you!
You die...

... #.. # .. #.#
#.. ... .......#
....###.#.....#
................
.........#.....#
........).....#
........)@)(.#
.......[.T)..#
#............#
..#......#...#
#$....#...#.#
#.....#........
....#.#........#.
...#..#........#
............$.#


You could see Snorg (berserk).

Vanquished Creatures
  A Brimstone Fiend (Orc:4)
  A frost giant (IceCv)
  Fannar (Lair:2)
  8 hydras
  11 death yaks
  3 orc high priests (Orc:4)
  A fire crab (Lair:8)
  6 hill giants
  An orc knight (Orc:4)
  An unseen horror (D:11)
  Pikel (D:8)
  2 orc sorcerers (Orc:4)
  A wizard (Lair:8)
  3 elephants (Lair:7)
  An oklob plant (Lair:6)
  An ugly thing (D:11)
  5 black mambas
  A griffon (Lair:8)
  Joseph (D:10)
  A smoke demon (Lair:8)
  A torpor snail (Lair:3)
  An orange demon (Lair:8)
  Psyche (D:8)
  9 komodo dragons
  2 trolls
  19 spiny frogs
  4 fire drakes
  2 red devils (Lair:8)
  14 polar bears
  A two-headed ogre (D:9)
  3 blue devils (Lair:8)
  A queen bee (D:9)
  Prince Ribbit (D:8)
  4 slime creatures (D:12)
  3 basilisks
  16 blink frogs
  7 hippogriffs
  A deep elf mage (D:12)
  58 yaks
  Grum (D:10)
  33 wolves
  2 steam dragons (D:12)
  A warg (Orc:4)
  2 wyverns
  8 orc skeletons (Orc:4)
  A hill giant skeleton (D:12)
  3 nagas (Lair:3)
  Menkaure (D:4)
  23 water moccasins
  A hell hound (Lair:8)
  11 porcupines
  14 orc warriors
  12 ogres
  4 sky beasts
  A black bear (D:6)
  A manticore skeleton (D:11)
  4 centaurs
  10 ice beasts
  21 crocodiles
  4 phantoms
  A boring beetle (Lair:7)
  A big kobold (D:10)
  15 giant frogs
  A komodo dragon skeleton (D:10)
  2 scorpions
  A jelly (D:11)
  A troll skeleton (D:11)
  4 wights (D:9)
  23 killer bees
  5 electric eels (Lair:7)
  9 crimson imps
  A goliath beetle (D:6)
  2 centaur zombies
  11 hounds
  19 orc priests
  3 giant frog skeletons
  9 iguanas
  An orange rat (D:11)
  20 orc wizards
  7 worker ants
  A mottled dragon skeleton (D:12)
  19 sheep
  2 mummies (D:12)
  5 gnolls (D:5)
  3 orc zombies
  21 adders
  48 green rats
  2 shadow imps (D:6)
  3 worms
  An adder zombie (D:9)
  An iguana zombie (D:5)
  An adder skeleton (D:5)
  7 giant geckos
  2 oozes
  124 orcs
  2 ball pythons (D:3)
  15 bats
  6 giant cockroaches
  12 goblins
  21 hobgoblins
  26 jackals
  22 kobolds
  16 quokkas
  A giant gecko skeleton (D:7)
  6 giant newts
  A giant spore (D:8)
  A gnoll skeleton (D:4)
  A kobold zombie (D:5)
  19 rats
  A rat skeleton (D:6)
  11 spectral orcs (D:10)
  4 ballistomycetes (D:8)
  8 fungi
  A plant (Lair:8)
907 creatures vanquished.

Vanquished Creatures (collateral kills)
  An orc warlord (Orc:4)
  Erica (Orc:4)
  3 death yaks (Lair:8)
  An orc high priest (Orc:4)
  A sun demon (Lair:8)
  2 orc knights (Orc:4)
  2 orc sorcerers (Orc:4)
  Maurice (Orc:4)
  A sixfirhy (Lair:8)
  An orange demon (Lair:8)
  A torpor snail (Lair:8)
  A spiny frog (Lair:8)
  2 komodo dragons
  A red devil (Lair:8)
  A troll (Orc:4)
  A polar bear (IceCv)
  12 blink frogs
  19 yaks
  2 hippogriffs
  A porcupine (Lair:7)
  15 orc warriors
  4 ogres (Orc:4)
  2 centaurs (D:12)
  2 crocodiles (Lair:8)
  2 killer bees (D:11)
  A crimson imp (Orc:4)
  5 jellies (Lair:8)
  A hound (Lair:7)
  A quasit (Orc:4)
  An elf zombie (D:12)
  17 orc wizards
  7 orc priests
  A sheep (Lair:1)
  4 green rats (Lair:8)
  5 orc skeletons (Orc:4)
  An ufetubus (Orc:3)
  2 oozes (Lair:8)
  45 orcs
  4 goblins
  5 orc zombies (Orc:4)
  2 plants
182 creatures vanquished.

Vanquished Creatures (others)
  3 death yaks (IceCv)
  2 lindwurms (Orc:4)
  4 harpies (Orc:4)
  2 manticores (Orc:4)
  2 torpor snails (Lair:8)
  A black mamba (Lair:8)
  5 spiny frogs (Lair:8)
  A komodo dragon (Lair:8)
  2 fire drakes (Lair:8)
  A troll (Orc:4)
  2 blink frogs (Lair:7)
  4 dancing weapons (Orc:4)
  3 hippogriffs (Lair:8)
  3 yaks
  11 wolves
  2 water moccasins (Lair:8)
  3 orc warriors (Orc:4)
  3 ogres
  4 crocodiles (Lair:8)
  A giant frog (Lair:7)
  A big kobold (D:8)
  A hound (D:8)
  2 orc wizards
  3 adders (Lair:8)
  4 green rats (Lair:8)
  26 orcs
  4 goblins
  2 hobgoblins
  An orc zombie (Orc:4)
  6 butterflies (Orc:4)
  12 fungi
  5 plants
126 creatures vanquished.

Grand Total: 1215 creatures vanquished

Notes
Turn   | Place    | Note
--------------------------------------------------------------
     0 | D:1      | Johnny, the Demigod Air Elementalist, began the quest for the Orb.
     0 | D:1      | Reached XP level 1. HP: 14/14 MP: 3/3
    57 | D:1      | Reached skill level 1 in Conjurations
   556 | D:1      | Reached XP level 2. HP: 1/22 MP: 0/4
  1674 | D:2      | Reached XP level 3. HP: 25/27 MP: 3/8
  1958 | D:2      | Learned a level 3 spell: Static Discharge
  2503 | D:2      | Reached skill level 3 in Air Magic
  2810 | D:2      | Reached XP level 4. HP: 34/34 MP: 8/11
  3766 | D:3      | Reached skill level 1 in Fighting
  4064 | D:3      | Reached XP level 5. HP: 35/40 MP: 3/12
  4394 | D:4      | Noticed an ogre
  4426 | D:4      | an ogre (ally) was killed
  4460 | D:4      | Noticed an ogre
  4468 | D:4      | Killed an ogre
  4468 | D:4      | Reached skill level 1 in Armour
  4468 | D:4      | Reached XP level 6. HP: 47/47 MP: 8/16
  4538 | D:4      | Found a staircase to the Ecumenical Temple.
  4659 | D:4      | Found a sparkling altar of Nemelex Xobeh.
  4723 | D:4      | Noticed an ogre
  4751 | D:4      | Killed an ogre
  5225 | D:4      | Reached skill level 4 in Air Magic
  5297 | D:4      | Noticed a water moccasin
  5313 | D:4      | Killed a water moccasin
  5313 | D:4      | Reached XP level 7. HP: 20/55 MP: 2/19
  5491 | D:4      | Noticed Menkaure
  5500 | D:4      | Killed Menkaure
  5615 | D:4      | Found a glowing golden altar of the Shining One.
  5991 | D:5      | Entered Level 5 of the Dungeon
  6298 | D:5      | Got an encrusted cloak
  6315 | D:5      | Identified the +0 cloak of Untruth {Str+3 Dex+4} (You found it on level 5 of the Dungeon)
  6342 | D:5      | Got a pitted hand axe
  6343 | D:5      | Identified the +5 hand axe of Causality {pain, Dex+1 SInv Stlth+} (You found it on level 5 of the Dungeon)
  6347 | D:5      | Found a glowing silver altar of Zin.
  6410 | D:5      | Reached XP level 8. HP: 54/62 MP: 20/20
  6414 | D:5      | Found a deep blue altar of Sif Muna.
  6440 | D:5      | Found Straczia's Distillery.
  6445 | D:5      | Bought a potion of heal wounds for 33 gold pieces
  6445 | D:5      | Bought a potion of restore abilities for 33 gold pieces
  6445 | D:5      | Bought a potion of agility for 27 gold pieces
  6445 | D:5      | Bought a potion of heal wounds for 33 gold pieces
  6445 | D:5      | Bought a potion of haste for 77 gold pieces
  6445 | D:5      | Bought a potion of curing for 22 gold pieces
  6889 | D:6      | Reached skill level 5 in Air Magic
  7178 | D:6      | Found a shimmering altar of Xom.
  7180 | D:6      | Found a basalt altar of Yredelemnul.
  7377 | D:6      | Reached skill level 5 in Dodging
  8944 | D:8      | Reached XP level 9. HP: 65/68 MP: 14/23
  9007 | D:8      | Gained mutation: You can spit poison. [mutagenic meat]
  9107 | D:8      | Noticed Psyche
  9121 | D:8      | Killed Psyche
  9121 | D:8      | Reached skill level 5 in Spellcasting
  9121 | D:8      | Reached skill level 6 in Air Magic
  9203 | D:8      | Noticed Prince Ribbit
  9297 | D:8      | Killed Prince Ribbit
  9392 | D:8      | Reached skill level 5 in Conjurations
  9464 | D:8      | Noticed Pikel
  9469 | D:8      | Killed Pikel
 10295 | D:9      | Learned a level 4 spell: Airstrike
 10527 | D:9      | Reached XP level 10. HP: 32/78 MP: 1/25
 10654 | D:9      | Reached skill level 5 in Stealth
 11658 | D:9      | Reached skill level 7 in Air Magic
 11878 | D:10     | Entered Level 10 of the Dungeon
 12299 | D:10     | Noticed Joseph
 12435 | D:10     | Noticed Harold
 12687 | D:10     | Killed Joseph
 12913 | D:10     | Learned a level 3 spell: Tukima's Dance
 12915 | D:10     | Learned a level 1 spell: Summon Butterflies
 12922 | D:10     | Learned a level 5 spell: Shadow Creatures
 12925 | D:10     | Learned a level 2 spell: Blink
 12949 | D:10     | Noticed Nergalle
 13390 | D:11     | Noticed a green ugly thing
 13397 | D:11     | Killed a green ugly thing
 13752 | D:10     | Noticed Grum
 13756 | D:10     | Reached skill level 1 in Hexes
 13756 | D:10     | Reached skill level 1 in Translocations
 13765 | D:10     | Found a blossoming altar of Fedhas.
 13776 | D:10     | Killed Grum
 13776 | D:10     | Reached skill level 1 in Summonings
 13887 | D:10     | Noticed a spectral orc warlord
 14049 | D:11     | Found Omania's Magic Scroll Shoppe.
 14052 | D:11     | Bought a scroll of identify for 32 gold pieces
 14052 | D:11     | Bought a scroll of remove curse for 48 gold pieces
 14052 | D:11     | Bought a scroll of identify for 32 gold pieces
 14052 | D:11     | Bought a scroll of identify for 32 gold pieces
 14052 | D:11     | Bought a scroll of identify for 32 gold pieces
 14157 | D:11     | Noticed an unseen horror
 14162 | D:11     | Killed an unseen horror
 14162 | D:11     | Reached XP level 11. HP: 52/85 MP: 11/28
 14388 | D:11     | Noticed a hill giant
 14413 | D:11     | Killed a hill giant
 14549 | D:11     | Found Odostaa's Antique Armour Shop.
 14785 | D:11     | Found a staircase to the Lair.
 14891 | D:11     | Found Struygeth's Food Emporium.
 15170 | D:11     | Noticed a hill giant
 15177 | D:11     | Killed a hill giant
 15339 | D:11     | Noticed a hill giant
 15347 | D:11     | Killed a hill giant
 15596 | Lair:1   | Entered Level 1 of the Lair of Beasts
 16325 | Lair:1   | Reached skill level 1 in Evocations
 17153 | Lair:2   | Reached skill level 5 in Fighting
 17155 | Lair:2   | Reached skill level 8 in Air Magic
 17311 | Lair:2   | Noticed a six-headed hydra
 17316 | Lair:2   | Killed a six-headed hydra
 17654 | Lair:2   | Noticed Fannar
 17667 | Lair:2   | Killed Fannar
 18209 | Lair:3   | Found a frozen archway.
 18276 | IceCv    | Entered an ice cave
 18777 | IceCv    | Reached XP level 12. HP: 51/94 MP: 3/29
 19488 | IceCv    | Learned a level 5 spell: Lightning Bolt
 19699 | IceCv    | Reached skill level 5 in Armour
 20226 | IceCv    | Learned a level 3 spell: Flight
 20552 | IceCv    | Noticed a death yak
 20552 | IceCv    | Noticed a death yak
 20552 | IceCv    | Noticed a frost giant
 20588 | IceCv    | Killed a frost giant
 20946 | IceCv    | Killed a death yak
 20971 | IceCv    | Killed a death yak
 20971 | IceCv    | Reached skill level 1 in Charms
 21437 | D:11     | Bought a pitted ring mail for 225 gold pieces
 21449 | D:11     | Identified the +5 ring mail "Ojugalul" {MR+ SInv Curse} (You bought it in a shop on level 11 of the Dungeon)
 21457 | D:11     | Bought a glowing cloak for 112 gold pieces
 22080 | Lair:3   | Reached skill level 9 in Air Magic
 22605 | Lair:3   | Found a staircase to the Snake Pit.
 22617 | Lair:3   | Reached skill level 5 in Summonings
 23523 | Lair:3   | Reached XP level 13. HP: 96/103 MP: 9/31
 23557 | Lair:3   | Learned a level 3 spell: Tukima's Dance
 24370 | Lair:4   | Found a staircase to the Swamp.
 27109 | Lair:6   | Identified a -3 rod of the swarm (14/14) (You found it on level 4 of the Lair of Beasts)
 30587 | Lair:7   | Identified a +0 rod of striking (11/11) (You found it on level 7 of the Lair of Beasts)
 31120 | Lair:8   | Entered Level 8 of the Lair of Beasts
 31132 | Lair:8   | Reached XP level 14. HP: 88/113 MP: 15/32
 31630 | Lair:8   | Found a staircase to the Slime Pits.
 34066 | Lair:8   | Found a burning altar of Makhleb.
 34072 | Lair:8   | Found a gateway to Hell.
 34085 | Lair:8   | Identified the Compendium of Destructive Malediction (You found it on level 8 of the Lair of Beasts)
 34153 | Lair:8   | Reached skill level 10 in Air Magic
 34334 | Lair:8   | Reached skill level 5 in Hexes
 34607 | Lair:8   | Reached skill level 5 in Evocations
 35614 | D:11     | Bought a pair of gloves for 112 gold pieces
 36083 | D:12     | Found a staircase to the Orcish Mines.
 36715 | D:12     | Found a bloodstained altar of Trog.
 37343 | Orc:1    | Entered Level 1 of the Orcish Mines
 37718 | Orc:1    | Found Pumeuddy's Food Shop.
 38146 | Orc:3    | Learned a level 6 spell: Monstrous Menagerie
 38335 | Orc:4    | Entered Level 4 of the Orcish Mines
 38347 | Orc:4    | Learned a level 1 spell: Apportation
 38392 | Orc:4    | Gained mutation: You heal slowly when monsters are visible. [mutagenic glow]
 38698 | Orc:4    | Noticed Maurice
 38703 | Orc:4    | Killed Maurice
 38771 | Orc:4    | Noticed a Brimstone Fiend
 39503 | Orc:4    | Gained mutation: Space occasionally distorts in your vicinity. [mutagenic glow]
 39521 | Orc:4    | Reached skill level 5 in Translocations
 40812 | Orc:4    | Noticed an orc warlord
 40829 | Orc:4    | Killed an orc warlord
 40863 | Orc:4    | Reached skill level 10 in Dodging
 42039 | Orc:4    | Found Ulainut's Antique Armour Shoppe.
 42043 | Orc:4    | Found Thirud's General Store.
 42076 | Orc:4    | Found Clokkacs' Antique Weapon Shoppe.
 42077 | Orc:4    | Found Wiuplov's Book Emporium.
 42101 | Orc:4    | Bought a pair of runed boots for 166 gold pieces
 42520 | Orc:4    | Noticed Erica
 42527 | Orc:4    | Killed Erica
 43050 | Orc:4    | Killed a Brimstone Fiend
 43430 | Orc:3    | Found a staircase to the Elven Halls.
 44113 | Orc:2    | Noticed Snorg
 44172 | Orc:2    | HP: 1/115 [Snorg (9)]
 44172 | Orc:2    | Mangled by Snorg

Action                   |  1- 3 |  4- 6 |  7- 9 | 10-12 | 13-15 || total
-------------------------+-------+-------+-------+-------+-------++-------
Melee: Dagger            |    81 |    65 |    16 |       |       ||   162
       Unarmed           |     8 |       |       |       |       ||     8
       Hand axe          |       |       |    88 |     1 |       ||    89
       Dire flail        |       |       |   177 |   350 |   746 ||  1273
       Rod               |       |       |       |       |    25 ||    25
 Cast: Shock             |    77 |   142 |   118 |   151 |    85 ||   573
       Static Discharge  |       |    11 |    52 |   189 |   202 ||   454
       Airstrike         |       |       |     9 |   174 |   338 ||   521
       Blink             |       |       |       |     6 |     8 ||    14
       Tukima's Dance    |       |       |       |     2 |     8 ||    10
       Lightning Bolt    |       |       |       |    33 |    75 ||   108
       Flight            |       |       |       |     5 |     1 ||     6
       Shadow Creatures  |       |       |       |     3 |    90 ||    93
       Monstrous Menager |       |       |       |       |    15 ||    15
       Apportation       |       |       |       |       |     3 ||     3
       Summon Butterflie |       |       |       |       |     3 ||     3
 Abil: Spit Poison       |       |       |     2 |     1 |     4 ||     7
Evoke: Wand              |     1 |     7 |    15 |    71 |    27 ||   121
       Lamp of fire      |       |       |       |     1 |     2 ||     3
       Rod               |       |       |       |       |     1 ||     1
  Use: Scroll            |       |     5 |     9 |    22 |    14 ||    50
       Potion            |       |     1 |       |    18 |     8 ||    27
 Stab: Sleeping          |       |       |     8 |     5 |     5 ||    18
       Distracted        |       |       |     2 |       |     5 ||     7
       Paralysed         |       |       |       |     4 |       ||     4
  Eat: Chunk             |     6 |     9 |    21 |    41 |    67 ||   144
       Royal jelly       |       |       |       |     6 |     3 ||     9
       Fruit             |       |       |       |    10 |    17 ||    27
       Meat ration       |       |       |       |     1 |     2 ||     3
       Beef jerky        |       |       |       |       |     3 ||     3
       Pizza             |       |       |       |       |     1 ||     1
